 Dungeon Crawl Stone Soup version 0.21.1-1-g345015f (webtiles) character file.

2429 zishaf the Ruffian (level 9, -7/76 HPs)
             Began as a Troll Hunter on May 18, 2018.
             Was a Follower of Jiyva.
             Mangled by a two-headed ogre
             ... wielding a +0 giant spiked club
              (36 damage)
             ... on level 8 of the Dungeon.
             The game lasted 00:14:56 (5871 turns).

zishaf the Ruffian (Troll Hunter)                   Turns: 5871, Time: 00:14:56

Health: -7/76      AC:  8    Str: 22    XL:     9   Next: 24%
Magic:  8/8        EV:  9    Int:  7    God:    Jiyva [*.....]
Gold:   472        SH: 10    Dex: 13    Spells: 8/8 levels left

rFire    . . .     SeeInvis .     - Unarmed
rCold    . . .     Gourm    +   F - +0 shield
rNeg     . . .     Faith    .   K - +2 robe
rPois    .         Spirit   .   (helmet restricted)
rElec    .         Reflect  .   Q - +0 cloak
rCorr    .         Harm     .   (gloves unavailable)
MR       .....                  (boots unavailable)
Stlth    ++........             (no amulet)
HPRegen  0.62/turn              q - ring of stealth
MPRegen  0.11/turn              (no ring)

@: drained
A: large, unfitting armour, claws 3, fast metabolism 3, gourmand, regeneration
1, shaggy fur 1, tough skin 2
a: Request Jelly, Renounce Religion


You were on level 8 of the Dungeon.
You worshipped Jiyva.
Jiyva was aware of your devotion.
You were not hungry.

You visited 2 branches of the dungeon, and saw 9 of its levels.

You collected 472 gold pieces.

Inventory:

Hand Weapons
 a - a +0 blowgun
 s - a +0 short sword
Missiles
 c - 5 tomahawks of returning
 d - 2 throwing nets
 t - 6 poisoned needles
 u - 180 stones
 y - 5 tomahawks
 C - 4 large rocks (quivered)
Armour
 p - a +1 robe of resistance
 F - a +0 shield (worn)
 K - a +2 robe (worn)
 Q - a +0 cloak (worn)
Jewellery
 l - an uncursed ring of ice
 q - a ring of stealth (left claw)
 v - an uncursed amulet of faith
 x - an uncursed ring of fire {unknown}
 P - an uncursed ring of positive energy {unknown}
Wands
 H - a wand of iceblast (7)
 R - a wand of flame (20)
Scrolls
 g - a scroll of enchant armour
 h - 5 scrolls of enchant weapon {unknown}
 i - 2 scrolls of magic mapping
 r - 2 scrolls of fog {unknown}
 w - 2 scrolls of blinking {unknown}
 A - a scroll of fear
 D - a scroll of immolation {unknown}
 G - 2 scrolls of amnesia {unknown}
 I - 3 scrolls of remove curse
 J - a scroll of noise {unknown}
 L - a scroll of random uselessness {unknown}
 O - a scroll of summoning {unknown}
 S - a scroll of identify
Potions
 b - a potion of agility
 e - 6 potions of curing {unknown}
 j - 3 potions of brilliance {unknown}
 k - 2 potions of mutation
 m - 3 potions of lignification {unknown}
 n - 3 potions of resistance {unknown}
 o - a potion of ambrosia
 z - a potion of cancellation
 B - a potion of invisibility
 E - a potion of degeneration {unknown}
 M - a potion of flight {unknown}
 N - a potion of heal wounds
Comestibles
 f - 14 rations


   Skills:
 - Level 1.5(1.3) Fighting
 - Level 6.0(5.8) Throwing
 - Level 1.5(1.3) Dodging
 - Level 0.3(0.1) Stealth
 + Level 7.1(6.9) Shields
 - Level 7.2(7.0) Unarmed Combat


You had 8 spell levels left.
You didn't know any spells.

Dungeon Overview and Level Annotations

Branches:
Dungeon (8/15)             Temple (1/1) D:7
   Lair: D:8-11

Altars:
Ashenzari
Cheibriados
Dithmenos
Elyvilon
Fedhas
Hepliaklqana
Kikubaaqudgha
Makhleb
Okawaru
Qazlal
Ru
Uskayaw
Vehumet
Wu Jian
Xom
Yredelemnul
The Shining One
Jiyva

Annotations:
D:4 Gorggeron's ghost, amateur GrFi


Innate Abilities, Weirdness & Mutations

You are too large for most types of armour.
You have claws for hands.
Your metabolism is lightning-fast.
You like to eat raw meat.
Your natural rate of healing is unusually fast.
You are covered in fur. (AC +1)
You have very tough skin. (AC +2)


Message History

The two-headed ogre hits you with a giant spiked club!
You block the two-headed ogre's attack. The bullfrog hits you.
You scratch the two-headed ogre.
The two-headed ogre is moderately wounded.
You block the bullfrog's attack. The two-headed ogre barely misses you.
The two-headed ogre hits you with a giant spiked club!!
The bullfrog closely misses you.
You claw the two-headed ogre!
The two-headed ogre is heavily wounded.
The bullfrog hits you.
You scratch the two-headed ogre.
The two-headed ogre is severely wounded.
The two-headed ogre closely misses you.
The two-headed ogre hits you with a giant spiked club.
You block the bullfrog's attack.
You scratch the two-headed ogre but do no damage.
The two-headed ogre is severely wounded.
You block the bullfrog's attack.
The two-headed ogre hits you with a giant spiked club!!!
You die...

.. #.#.......#....##
....# #........# # ..#.#
##...#.#..## .. ....#
#........... #.###.#.#
###.#..>#..J.
##.<...#.###............
.......#.......##..#....
.#....J#.###.......#....
......F@.J.............>
######.O.......##..#....
#.#.###...##.......
..#.......##.#..#..
...........##.#.....
###.#.####...........
#.#.####.###.......
..#......# #.#.....
#......# #.#.....


You could see a two-headed ogre, a bullfrog and 2 neutral jellies (fellow
slime).

Vanquished Creatures
  Sigmund (D:5)
  A water moccasin (D:6)
  An ice beast (D:6)
  An orc warrior (D:4)
  2 phantoms
  3 ogres
  4 centaurs
  3 bullfrogs
  A scorpion (D:4)
  8 wights (D:8)
  An electric eel (D:6)
  2 crimson imps
  A bullfrog zombie (D:5)
  A centaur zombie (D:6)
  A hound (D:4)
  A jelly (D:7)
  2 orc wizards (D:3)
  A bullfrog skeleton (D:8)
  Terence (D:3)
  2 iguanas
  5 worker ants
  A hound zombie (D:8)
  9 adders
  A shadow imp (D:6)
  2 oozes
  An adder skeleton (D:7)
  A dart slug (D:2)
  A leopard gecko (D:4)
  10 orcs
  2 giant cockroaches
  6 goblins
  8 hobgoblins
  5 jackals
  5 quokkas
  6 bats
  6 frilled lizards
  8 kobolds
  6 rats
121 creatures vanquished.

Vanquished Creatures (others)
  A wight (D:8)
  A killer bee (D:8)
  5 jellies (D:8)
  An iguana (D:8)
  A howler monkey skeleton (D:8)
9 creatures vanquished.

Grand Total: 130 creatures vanquished

Notes
Turn   | Place    | Note
-------+----------+-------------------------------------------
     0 | D:1      | zishaf the Troll Hunter began the quest for the Orb.
     0 | D:1      | Reached XP level 1. HP: 19/19 MP: 0/0
    69 | D:1      | Reached skill level 1 in Unarmed Combat
   178 | D:1      | Reached XP level 2. HP: 27/27 MP: 1/1
   786 | D:2      | Reached XP level 3. HP: 26/33 MP: 2/2
  1625 | D:3      | Reached XP level 4. HP: 41/41 MP: 3/3
  1819 | D:3      | Noticed Terence
  1837 | D:3      | Reached XP level 5. HP: 33/48 MP: 4/4
  1843 | D:3      | Killed Terence
  2110 | D:4      | Found a basalt altar of Yredelemnul.
  2164 | D:4      | Noticed a centaur
  2176 | D:4      | Killed a centaur
  2176 | D:4      | Reached skill level 5 in Unarmed Combat
  2176 | D:4      | Reached XP level 6. HP: 29/55 MP: 5/5
  2182 | D:4      | Noticed an orc warrior
  2195 | D:4      | Killed an orc warrior
  2195 | D:4      | Reached skill level 5 in Throwing
  2434 | D:4      | Noticed Gorggeron's ghost (amateur GrFi)
  2537 | D:4      | Reached XP level 7. HP: 62/62 MP: 6/6
  2853 | D:4      | Found a burning altar of Makhleb.
  2886 | D:4      | Reached skill level 1 in Shields
  3042 | D:5      | Entered Level 5 of the Dungeon
  3050 | D:5      | Found a stormy altar of Qazlal.
  3050 | D:5      | Noticed a water elemental
  3051 | D:5      | Noticed an air elemental
  3051 | D:5      | Noticed a fire elemental
  3436 | D:5      | Found a hide-covered altar of Uskayaw.
  3450 | D:5      | Noticed Sigmund
  3471 | D:5      | Killed Sigmund
  3471 | D:5      | Reached XP level 8. HP: 70/70 MP: 7/7
  3935 | D:6      | Found a shattered altar of Ashenzari.
  4212 | D:6      | Found a blossoming altar of Fedhas.
  4658 | D:7      | Reached skill level 5 in Shields
  4741 | D:7      | Found a staircase to the Ecumenical Temple.
  4842 | Temple   | Entered the Ecumenical Temple
  4886 | Temple   | Became a worshipper of Jiyva Jenwut the Shapeless
  5604 | D:8      | Reached XP level 9. HP: 67/76 MP: 8/8
  5701 | D:8      | Reached * piety under Jiyva
  5778 | D:8      | Found an ornate altar of the Wu Jian Council.
  5778 | D:8      | Found a hazy altar of Hepliaklqana.
  5864 | D:8      | Noticed a two-headed ogre
  5871 | D:8      | Mangled by a two-headed ogre

Skill      XL: |  1  2  3  4  5  6  7  8  9 |
---------------+----------------------------+-----
Unarmed Combat | 1 2 3 4 5 6 7 |  7.2
Throwing       | 4 5 6 |  6.0
Shields        | 2 6 7 |  7.1
Fighting       | |  1.5
Dodging        | |  1.5
Stealth        | |  0.3

Action                   |  1- 3 |  4- 6 |  7- 9 || total
-------------------------+-------+-------+-------++-------
Melee: Unarmed           |   104 |    98 |   156 ||   358
       Punch             |       |     2 |       ||     2
 Fire: Blowgun           |       |     6 |    49 ||    55
Throw: Stone             |       |    13 |    30 ||    43
       Large rock        |       |     5 |     5 ||    10
       Throwing net      |       |     1 |       ||     1
       Tomahawk          |       |       |    13 ||    13
  Use: Scroll            |       |       |    10 ||    10
 Stab: Sleeping          |     4 |     3 |     4 ||    11
  Eat: Chunk             |    16 |    13 |    20 ||    49
       Ration            |       |       |     1 ||     1
Armor: Robe              |    43 |    37 |    35 ||   115
Dodge: Dodged            |    63 |    54 |    34 ||   151
Block: Shield            |       |       |    56 ||    56
